 Dungeon Crawl Stone Soup version 0.26-a0-712-ga5a9c9c9d0 (webtiles) character file.

Game seed: 2403210380905120434

(classic levelgen) 67 EnegeticOcto the Shield-Bearer (level 3, 0/34 HPs)
             Began as a Deep Dwarf Fighter on Nov 4, 2020.
             Was an Initiate of Makhleb.
             Slain by an orc priest
             ... wielding a +0 trident
              (3 damage)
             ... on level 2 of the Dungeon.
             The game lasted 00:00:23 (429 turns).

EnegeticOcto the Shield-Bearer (Deep Dwarf Fighter)  Turns: 429, Time: 00:00:24

Health: 0/34       AC:  7    Str: 20    XL:     3   Next: 98%
Magic:  2/2        EV:  7    Int:  8    God:    Makhleb [......]
Gold:   22         SH:  9    Dex: 12    Spells: 2/2 levels left

rFire    . . .     SeeInvis +   a - +0 war axe
rCold    . . .     Faith    .   c - +0 kite shield
rNeg     . . .     Spirit   .   b - +0 scale mail
rPois    .         Reflect  .   (no helmet)
rElec    .         Harm     .   (no cloak)
rCorr    .         Rampage  .   (no gloves)
MR       .....                  (no boots)
Stlth    ..........             (no amulet)
HPRegen  0.00/turn              g - ring of see invisible
MPRegen  0.08/turn              (no ring)

@: non-regenerating
A: damage resistance, heal wounds, sense surroundings 1, no regeneration
a: Heal Wounds, Renounce Religion


You were on level 2 of the Dungeon.
You worshipped Makhleb.
Makhleb was noncommittal.
You visited 1 branch of the dungeon, and saw 2 of its levels.

You collected 22 gold pieces.

Inventory:

Hand Weapons
 a - a +0 war axe (weapon)
Armour
 b - a +0 scale mail (worn)
 c - a +0 kite shield (worn)
Jewellery
 g - a ring of see invisible (left hand)
 h - an uncursed ring of flight {unknown}
Scrolls
 e - a scroll of teleportation {unknown}
 i - a scroll of immolation {unknown}
 k - 3 scrolls of identify {unknown}
 l - a scroll of enchant armour {unknown}
 m - a scroll of remove curse {unknown}
 n - a scroll of magic mapping {unknown}
Potions
 d - a potion of might {@q3}
 f - a potion of brilliance {unknown}
 j - a potion of heal wounds {unknown}


   Skills:
 + Level 3.0 Fighting
 * Level 3.3 Axes
 + Level 3.7 Armour
 + Level 3.8 Shields
 + Level 1.2 Invocations


You had 2 spell levels left.
You didn't know any spells.
Your spell library was empty.

Dungeon Overview and Level Annotations

Branches:
Dungeon (2/15)

Altars:
Makhleb


Innate Abilities, Weirdness & Mutations

You are resistant to damage.
You can heal yourself by infusing magical energy.
You passively map a small area around you.
You do not regenerate.


Message History

A hobgoblin comes into view.
The hobgoblin shouts!
You hear an angry hiss.
You hear a shout!
Found a scroll labeled GAIQACV ZOETRO.
A hobgoblin is nearby!
A hobgoblin is nearby!
The hobgoblin barely misses you.
You slash the hobgoblin!
You kill the hobgoblin!
Makhleb accepts your kill.
No target in view!
No target in view!
No target in view!
No target in view!
No target in view!
No target in view!
No target in view!
k - 3 scrolls labeled GAIQACV ZOETRO (gained 1)
A frilled lizard and an orc come into view.
The orc shouts!
The frilled lizard hisses angrily.
You hear a shout! x2
An orc priest comes into view. It is wielding a +0 flail.
There are monsters nearby!
There are monsters nearby!
There are monsters nearby!
An orc priest comes into view. It is wielding a +0 trident.
The orc priest shouts!
A hobgoblin comes into view. It is wielding a +0 club.
The hobgoblin shouts!
You hear a shout!
The frilled lizard closely misses you.
A goblin comes into view. It is wielding a +0 dagger.
You hit the frilled lizard but do no damage.
The orc priest looks braver for a moment.
The frilled lizard bites you but does no damage.
An orc wizard comes into view.
It is wielding a +0 dagger and wearing a +1 robe of magic resistance.
You closely miss the frilled lizard.
The frilled lizard bites you but does no damage.
The orc priest looks encouraged for a moment.
You block the frilled lizard's attack.
You closely miss the frilled lizard.
The orc wizard gestures wildly while chanting.
The orc wizard flickers and vanishes for a moment.
You block the frilled lizard's attack.
You slash the frilled lizard!
You kill the frilled lizard!
Makhleb accepts your kill.
You closely miss the orc priest. You block the orc priest's attack.
The orc priest barely misses you.
You barely miss the orc priest.
The orc priest hits you with a +0 flail.
The orc priest completely misses you.
Your shield prevents you from hitting the orc priest.
You block the orc priest's attack.
The orc priest hits you with a +0 flail.
You hit the orc priest.
The orc priest is moderately wounded.
The orc priest hits you from afar with a +0 trident.
The orc priest calls down the wrath of Beogh upon you.
Beogh smites you!
The orc priest hits you with a +0 flail.
The orc priest barely misses you.
You hit the orc priest but do no damage.
The orc priest is moderately wounded.
The orc priest hits you but does no damage.
The orc priest barely misses you.
You barely miss the orc priest.
The orc priest is moderately wounded.
You block the orc priest's attack. The orc priest closely misses you.
You hit the orc priest but do no damage.
The orc priest is moderately wounded.
The orc priest hits you from afar with a +0 trident.
The orc priest casts a cantrip, but nothing happens.
You slash the orc priest!
The orc priest is almost dead.
The orc priest hits you but does no damage. x2
The orc priest calls upon Beogh to heal the orc priest.
The orc priest is healed somewhat.
You hit the orc priest.
The orc priest is severely wounded.
You block the orc priest's attack.
The orc priest calls upon Beogh to heal the orc priest.
The orc priest is healed somewhat.
The orc priest hits you but does no damage.
You barely miss the orc priest.
The orc priest is moderately wounded.
The orc priest hits you but does no damage.
The orc priest hits you with a +0 flail.
You barely miss the orc priest.
The orc priest is moderately wounded.
The orc priest hits you from afar with a +0 trident.
The orc priest closely misses you.
The orc priest hits you but does no damage.
You hit the orc priest but do no damage.
The orc priest is moderately wounded.
The orc priest hits you but does no damage.
The orc priest hits you from afar with a +0 trident.
You fail to use your ability.
The orc priest mumbles some strange prayers to Beogh against you.
Beogh smites you!
* * * LOW HITPOINT WARNING * * *
The orc priest hits you from afar with a +0 trident.
You die...

... #...########....###
##.###.#................
#.....##########...####
##..### ##.## * #.#####
#. , #.....# #.
**#####.# #. , , #.# #.
* * , #@# * , #o# * *
,*#o# , * *#g# , , *


goo , #.# , *, , , *,* * .#. * # #,* * * You could see 2 orc priests, an orc
wizard (invisible), an orc, a hobgoblin and a goblin.

Vanquished Creatures
  5 adders (D:2)
  A worm (D:2)
  3 giant cockroaches
  3 hobgoblins (D:2)
  A kobold (D:2)
  2 quokkas (D:2)
  2 bats (D:2)
  2 frilled lizards (D:2)
  A goblin (D:2)
  2 rats
22 creatures vanquished.

Notes
Turn   | Place    | Note
-------+----------+-------------------------------------------
     0 | D:1      | EnegeticOcto the Deep Dwarf Fighter began the quest for the
                  | Orb.
     0 | D:1      | Reached XP level 1. HP: 20/20 MP: 1/1
    67 | D:2      | Found a burning altar of Makhleb.
    85 | D:2      | Reached XP level 2. HP: 24/27 MP: 2/2
    87 | D:2      | Became a worshipper of Makhleb the Destroyer
   163 | D:2      | Reached XP level 3. HP: 28/33 MP: 3/3
   219 | D:2      | Reached skill level 1 in Invocations
   429 | D:2      | Slain by an orc priest

Illustrated notes

Levels and vault maps discovered:
D:1:      giann_horns, layout_basic, serial_glass, glass_columns_a,
          glass_columns_b, st_stairs_6, nrook_loot_triangle,
          nemelex_diamond_rough_becter
D:2:      layout_loops_ring, bloody_makhleb,
          chequers_ecumenical_altar_simple_redux

Skill      XL: |  1  2  3 |
---------------+----------+-----
Axes           | 3 |  3.3
Fighting       | 3 |  3.0
Invocations    | 1 |  1.2
Armour         | |  3.7
Shields        | |  3.8

Action                   || total
-------------------------++-------
Melee: War axe           ||    83
 Abil: Heal Wounds       ||     1
Armor: Scale mail        ||    34
Dodge: Dodged            ||    35
Block: Kite shield       ||    47

Table legend: (Time is in decaauts)
 A = Elapsed time spent in this place.
 B = Non-inter-level travel time spent in this place.
 C = Inter-level travel time spent in this place.
 D = Time resting spent in this place.
 E = Time spent auto-exploring this place.
 F = Levels seen in this place.
 G = Mean time per level.
                   A        B        C        D        E       F      G
               +--------+--------+--------+--------+--------+-----+--------+
         Total |    463 |    454 |      9 |      0 |    269 |   2 |  231.5 |
       Dungeon |    463 |    454 |      9 |      0 |    269 |   2 |  231.5 |
               +--------+--------+--------+--------+--------+-----+--------+

Top non-repeatable levels by time:
     D:2: 411 daAuts
     D:1: 52 daAuts
